 Dungeon Crawl Stone Soup version 0.28.0-43-g3370ac3207 (webtiles) character file.

Game seed: 3295757855009662246

95 jimonade the Thrower (level 4, -1/41 HPs)
             Began as a Gnoll Wanderer on Mar 14, 2022.
             Slain by an orc
             ... wielding a +0 dagger
              (2 damage)
             ... on level 2 of the Dungeon.
             The game lasted 00:05:20 (2057 turns).

jimonade the Thrower (Gnoll Wanderer)               Turns: 2057, Time: 00:05:21

Health: -1/41      AC:  4    Str: 13    XL:     4   Next: 65%
Magic:  5/5        EV: 12    Int: 11    God:
Gold:   93         SH:  0    Dex: 12    Spells: 5/5 levels left

rFire   . . .      SeeInvis .   a - +3 dagger
rCold   . . .      Faith    .   (no shield)
rNeg    + + .      Spirit   .   d - +0 leather armour
rPois   .          Reflect  .   (no helmet)
rElec   .          Harm     .   (no cloak)
rCorr   .          Rampage  .   (no gloves)
Will    .....                   c - +0 pair of boots
Stlth   ++........              (no amulet)
HPRegen 0.13/turn               j - ring of positive energy
MPRegen 0.09/turn               q - ring of positive energy

@: hasted, very quick
A: fangs 1, strong nose, distributed training
a: no special abilities


You were on level 2 of the Dungeon.
You visited 1 branch of the dungeon, and saw 3 of its levels.

You collected 93 gold pieces.

Inventory:

Hand Weapons
 a - a +3 dagger (weapon)
 h - a +0 spear
Missiles
 b - 3 curare-tipped darts
 e - 40 sling bullets
 f - 43 stones (quivered)
Armour
 c - a +0 pair of boots (worn)
 d - a +0 leather armour (worn)
 i - a +0 ring mail
 p - a +0 robe
Jewellery
 j - a ring of positive energy (left hand)
 q - a ring of positive energy (right hand)
 s - a ring of protection from fire
Scrolls
 k - a scroll of immolation {unknown}
 m - a scroll of fear {unknown}
 r - a scroll of enchant weapon {unknown}
Potions
 l - a potion of brilliance {unknown}
 n - 2 potions of curing {unknown}
 o - a potion of flight {unknown}


   Skills:
 + Level 6.6 Fighting
 + Level 1.2 Short Blades
 + Level 1.2 Long Blades
 + Level 1.2 Axes
 + Level 1.2 Maces & Flails
 + Level 1.2 Polearms
 + Level 1.2 Staves
 + Level 1.2 Slings
 + Level 1.2 Bows
 + Level 1.2 Crossbows
 + Level 8.6 Throwing
 + Level 1.2 Armour
 + Level 2.8 Dodging
 + Level 2.6 Stealth
 + Level 1.2 Shields
 + Level 1.2 Unarmed Combat
 + Level 1.2 Spellcasting
 + Level 1.0 Conjurations
 + Level 1.0 Hexes
 + Level 1.0 Summonings
 + Level 1.0 Necromancy
 + Level 1.0 Translocations
 + Level 1.0 Transmutations
 + Level 1.0 Fire Magic
 + Level 1.0 Ice Magic
 + Level 1.0 Air Magic
 + Level 1.0 Earth Magic
 + Level 1.0 Poison Magic
 + Level 1.3 Invocations
 + Level 2.8 Evocations


You had 5 spell levels left.
You didn't know any spells.
Your spell library contained the following spells:

 Spells                   Type           Power      Damage    Failure   Level
 Summon Forest            Summ/Tloc      1%         N/A       100%        5
 Summon Mana Viper        Hex/Summ       2%         N/A       100%        5
 Summon Cactus Giant      Summ           1%         N/A       100%        6


Dungeon Overview and Level Annotations

Branches:
Dungeon (3/15)

Altars:


Innate Abilities, Weirdness & Mutations

You have very sharp teeth.
Your uncanny sense of smell can sniff out nearby items.
Your experience applies equally to all skills.


Message History

The orc is lightly wounded.
The orc barely misses you.
You hit the orc but do no damage.
The orc is lightly wounded.
You hit the orc but do no damage. You bite the orc, but do no damage.
The orc is lightly wounded.
The orc hits you with a +0 dagger.
* * * LOW HITPOINT WARNING * * *
You hit the orc but do no damage.
The orc is lightly wounded.
The orc hits you with a +0 dagger.
* * * LOW HITPOINT WARNING * * *
You hit the orc but do no damage. You bite the orc.
The orc is moderately wounded.
The orc hits you with a +0 dagger.
* * * LOW HITPOINT WARNING * * *
You hit the orc but do no damage.
The orc is moderately wounded.
The orc hits you with a +0 dagger.
* * * LOW HITPOINT WARNING * * *
You hit the orc but do no damage.
The orc is moderately wounded.
The orc misses you.
You hit the orc but do no damage.
The orc is moderately wounded.
The orc closely misses you.
You closely miss the orc. Your bite misses the orc.
The orc is moderately wounded.
The orc misses you.
You hit the orc.
The orc is moderately wounded.
The orc hits you with a +0 dagger.
* * * LOW HITPOINT WARNING * * *
You hit the orc but do no damage.
The orc is moderately wounded.
The orc hits you with a +0 dagger.
* * * LOW HITPOINT WARNING * * *
It was a potion of haste.
You feel yourself speed up. The orc hits you with a +0 dagger.
You die...

############.........# #.#
#...................# #.#
#.#########.).......# #.# #.#
#.#.......# ###.# #.# #.#.......#
#...# #.# #.#.......########.###
##.# #####.#.......##....##....
...# #.....###'#....#....##....
#### #.#######@#....#....##....
########.......o.#....#....##....
#......#########......'....##.###
'......# ########....##.#
#......# #####.##.# #†.....#
#.....##.# #......# #.....'..#
#......# #.....#### #####'##
#######


You could see an orc.

Vanquished Creatures
  An orc wizard (D:3)
  3 adders (D:2)
  A ball python (D:2)
  A bat (D:1)
  6 endoplasms
  3 giant cockroaches (D:1)
  3 goblins
  6 hobgoblins
  4 kobolds
  3 quokkas
  3 frilled lizards
  7 rats
41 creatures vanquished.

Notes
Turn   | Place    | Note
-------+----------+-------------------------------------------
     0 | D:1      | jimonade the Gnoll Wanderer began the quest for the Orb.
     0 | D:1      | jimonade set off with the following items: a +3 dagger, 3
                  | curare-tipped darts, a +0 pair of boots, a +0 leather
                  | armour
     0 | D:1      | Reached XP level 1. HP: 23/23 MP: 1/1
   117 | D:1      | Reached XP level 2. HP: 29/29 MP: 2/2
  1068 | D:2      | Reached XP level 3. HP: 35/35 MP: 3/3
  1141 | D:2      | Found a faded altar of an unknown god.
  1172 | D:2      | Reached skill level 1 in Invocations
  1356 | D:2      | Reached skill level 1 in Short Blades
  1356 | D:2      | Reached skill level 1 in Long Blades
  1356 | D:2      | Reached skill level 1 in Axes
  1356 | D:2      | Reached skill level 1 in Maces & Flails
  1356 | D:2      | Reached skill level 1 in Polearms
  1356 | D:2      | Reached skill level 1 in Staves
  1356 | D:2      | Reached skill level 1 in Slings
  1356 | D:2      | Reached skill level 1 in Bows
  1356 | D:2      | Reached skill level 1 in Crossbows
  1356 | D:2      | Reached skill level 1 in Armour
  1356 | D:2      | Reached skill level 1 in Shields
  1356 | D:2      | Reached skill level 1 in Unarmed Combat
  1356 | D:2      | Reached skill level 1 in Spellcasting
  1624 | D:2      | Reached XP level 4. HP: 37/41 MP: 5/5
  2025 | D:3      | Reached skill level 1 in Conjurations
  2025 | D:3      | Reached skill level 1 in Hexes
  2025 | D:3      | Reached skill level 1 in Summonings
  2025 | D:3      | Reached skill level 1 in Necromancy
  2025 | D:3      | Reached skill level 1 in Translocations
  2025 | D:3      | Reached skill level 1 in Transmutations
  2025 | D:3      | Reached skill level 1 in Fire Magic
  2025 | D:3      | Reached skill level 1 in Ice Magic
  2025 | D:3      | Reached skill level 1 in Air Magic
  2025 | D:3      | Reached skill level 1 in Earth Magic
  2025 | D:3      | Reached skill level 1 in Poison Magic
  2056 | D:2      | HP: 1/41 [orc/+0 dagger (2)]
  2057 | D:2      | Slain by an orc

Illustrated notes

Levels and vault maps discovered:
D:1:      scummos_arrival_star, layout_basic, kennysheep_doodads, st_stairs_2,
          minmay_pentomino_t2
D:2:      layout_basic, chequers_ecumenical_altar_island
D:3:      layout_rooms

Skill      XL: |  1  2  3  4 |
---------------+-------------+-----
Invocations    | 1 |  1.3
Short Blades   | 1 |  1.2
Long Blades    | 1 |  1.2
Axes           | 1 |  1.2
Maces & Flails | 1 |  1.2
Polearms       | 1 |  1.2
Staves         | 1 |  1.2
Slings         | 1 |  1.2
Bows           | 1 |  1.2
Crossbows      | 1 |  1.2
Armour         | 1 |  1.2
Shields        | 1 |  1.2
Unarmed Combat | 1 |  1.2
Spellcasting   | 1 |  1.2
Conjurations   | 1 |  1.0
Hexes          | 1 |  1.0
Summonings     | 1 |  1.0
Necromancy     | 1 |  1.0
Translocations | 1 |  1.0
Transmutations | 1 |  1.0
Fire Magic     | 1 |  1.0
Ice Magic      | 1 |  1.0
Air Magic      | 1 |  1.0
Earth Magic    | 1 |  1.0
Poison Magic   | 1 |  1.0
Fighting       | |  6.6
Throwing       | |  8.6
Dodging        | |  2.8
Stealth        | |  2.6
Evocations     | |  2.8

Action                   |  1- 3 |  4- 6 || total
-------------------------+-------+-------++-------
Melee: Dagger            |    67 |    45 ||   112
       Bite              |     3 |     8 ||    11
       Punch             |     1 |       ||     1
Throw: Stone             |    46 |       ||    46
  Use: Potion            |       |     1 ||     1
 Stab: Sleeping          |     3 |       ||     3
Armor: Leather armour    |    24 |     9 ||    33
Dodge: Dodged            |    28 |    29 ||    57
